 Dungeon Crawl Stone Soup version 0.31-a0-675-g238779eb0a (webtiles) character file.

Game seed: 13284150326661724370

7218 bjtr the Geomancer (level 11, 0/60 HPs)
             Began as a Gargoyle Earth Elementalist on Sept 5, 2023.
             Was an Elder of Vehumet.
             Slain by an orc warrior
             ... wielding a +0 glaive
              (13 damage)
             ... on level 9 of the Dungeon on Sept 6, 2023.
             The game lasted 00:43:53 (9847 turns).

bjtr the Geomancer (Gargoyle Earth Elementalist)    Turns: 9847, Time: 00:43:54

Health: 0/60       AC: 18    Str: 12    XL:     11   Next: 11%
Magic:  23/23      EV: 11    Int: 20    God:    Vehumet [****..]
Gold:   538        SH:  0    Dex: 10    Spells: 9/27 levels left

rFire   . . .        a - +2 demon trident (venom)
rCold   + . .        (no shield)
rNeg    + . .        K - +2 leather armour {rC+}
rPois   ∞            B - +2 helmet
rElec   +            (no cloak)
rCorr   +            C - +0 pair of gloves
SInv    .            (no boots)
Will    .....        r - amulet of faith
Stlth   ++           G - ring of resist corrosion
HPRegen 0.30/turn    (no ring)
MPRegen 0.18/turn

%: faith
@: no status effects
A: sickness immunity, AC +8, negative energy resistance 1, electricity
resistance, torment resistance 1, petrification resistance
a: Renounce Religion


You were on level 9 of the Dungeon.
You worshipped Vehumet.
Vehumet was greatly pleased with you.
You visited 2 branches of the dungeon, and saw 10 of its levels.

You collected 538 gold pieces.

Inventory:

Hand Weapons
 a - a +2 demon trident of venom (weapon)
 b - the +5 woodcutter's axe
   (You took it off a gnoll sergeant on level 6 of the Dungeon)
 c - a +4 war axe of freezing
 j - a +2 dagger of freezing
 o - a +0 sling
 p - a +1 long sword of flaming
 v - a +2 vampiric hand axe
 D - a +3 scimitar
 O - a +3 morningstar
Missiles
 g - 2 poisoned darts
 k - a throwing net
 J - a curare-tipped dart
Armour
 e - a +2 leather armour of positive energy
 B - a +2 helmet (worn)
 C - a +0 pair of gloves (worn)
 I - a +2 robe of willpower
 K - a +2 leather armour of cold resistance (worn)
 N - +0 steam dragon scales
Magical Staves
 s - a staff of death
 w - a staff of poison
Jewellery
 r - an amulet of faith (around neck)
 A - a ring of ice
 G - a ring of resist corrosion (left hand)
 L - a ring of ice
Wands
 u - a wand of flame (31)
 y - a wand of iceblast (5)
 H - a wand of quicksilver (9)
Scrolls
 d - 4 scrolls of identify
 h - 7 scrolls of teleportation
 t - 3 scrolls of fear
 M - a scroll of amnesia
Potions
 f - a potion of haste
 i - a potion of cancellation
 l - a potion of magic
 n - a potion of resistance
 q - a potion of mutation
 x - a potion of invisibility
 z - 2 potions of lignification
 E - a potion of enlightenment
 F - 2 potions of might
 P - a potion of attraction


   Skills:
 * Level 3.8 Fighting
 + Level 8.3 Polearms
 + Level 4.8 Armour
 + Level 2.4 Dodging
 + Level 2.3 Stealth
 + Level 8.6 Spellcasting
 + Level 0.7 Conjurations
 - Level 0.7 Transmutations
 + Level 10.9 Earth Magic
 + Level 0.6 Evocations


You had 9 spell levels left.
You knew the following spells:

 Your Spells              Type           Power      Damage    Failure   Level
a - Sandblast             Erth           100%       2d20      1%          1
b - Passwall              Tmut/Erth      25%        N/A       1%          2
c - Stone Arrow           Conj/Erth      62%        3d10      1%          3
d - Petrify               Tmut/Erth      31%        N/A       10%         4
e - Lee's Rapid Deconstr  Erth           25%        3d14*     1%          5
f - Ignite Poison         Fire/Tmut/Pois 9%         N/A       8%          3

Your spell library contained the following spells:

 Spells                   Type           Power      Damage    Failure   Level
 Dazzling Flash           Conj/Hex       20%        N/A       7%          3
 Lesser Beckoning         Tloc           16%        N/A       16%         2
 Gell's Gravitas          Tloc           8%         N/A       30%         3
 Teleport Other           Tloc           8%         N/A       30%         3
 Arcjolt                  Conj/Air       5%         1d15      50%         5
 Fireball                 Conj/Fire      5%         3d5       50%         5
 Anguish                  Hex/Necr       4%         N/A       71%         4
 Cause Fear               Hex            4%         N/A       71%         4
 Vhi's Electric Charge    Tloc/Air       16%        N/A       71%         4
 Agony                    Necr           8%         N/A       96%         5
 Silence                  Hex/Air        4%         N/A       96%         5
 Plasma Beam              Fire/Air       4%         2x1d14    97%         6
 Enfeeble                 Hex            4%         N/A       100%        7
 Dragon's Call            Summ           4%         N/A       100%        9


Dungeon Overview and Level Annotations

Branches:
Dungeon (9/15)             Temple (1/1) D:4             Orc (0/2) D:9
   Lair: D:8-11

Altars:
Ashenzari
Cheibriados
Dithmenos
Elyvilon
Fedhas
Gozag
Hepliaklqana
Kikubaaqudgha
Makhleb
Nemelex Xobeh
Okawaru
Qazlal
Ru
Sif Muna
Trog
Uskayaw
Vehumet
Wu Jian
Xom
Yredelemnul
Zin
The Shining One

Portals:
Abyss: D:9

Annotations:
D:9 2 transporters, Stellion's ghost, novice DECj


Innate Abilities, Weirdness & Mutations

You are immune to sickness and miasma.
Your stone body is resilient. (AC +8)
You are immune to poison.
You resist negative energy. (rN+)
You are resistant to electric shocks. (rElec)
You are resistant to unholy torment.
You are immune to petrification.


Message History

The orc closely misses you.
The orc priest calls down the wrath of Beogh upon you.
Beogh smites you!
You closely miss the orc. The orc hits you with a +0 flail.
You closely miss the orc. The orc barely misses you.
The orc warrior misses you.
You puncture the orc!
You kill the orc!
Vehumet accepts your kill.
The orc warrior hits you with a +0 glaive!
Things that are here:
a +0 flail; an orc corpse You barely miss the orc warrior.
The orc warrior closely misses you.
You puncture the orc warrior!
The orc warrior is heavily wounded.
The orc warrior misses you.
You hit the orc warrior but do no damage.
The orc warrior is heavily wounded.
The orc warrior hits you with a +0 glaive!
You puncture the orc warrior!
The orc warrior is poisoned.
The orc warrior is severely wounded.
The orc warrior hits you with a +0 glaive.
The orc priest mumbles some strange prayers to Beogh against you.
Beogh smites you!
* * * LOW HITPOINT WARNING * * *
The orc warrior hits you from afar with a +0 glaive!
* * * LOW HITPOINT WARNING * * *
Okay, then.
Okay, then.
You feel better.
The orc priest calls upon Beogh to heal the orc warrior.
The orc warrior is healed somewhat.
The orc warrior barely misses you.
The orc warrior attacks as it pursues you!
The orc warrior hits you from afar with a +0 glaive.
* * * LOW HITPOINT WARNING * * *
The orc warrior attacks as it pursues you!
The orc warrior hits you but does no damage.
The orc warrior attacks as it pursues you!
The orc warrior hits you from afar with a +0 glaive!
You die...

.# #.##.# #.......#.#
.#### #.##.###########.#.#
....# #..........#<....#)#
..#.###..#.#####.#######.#
#.#......................#
..#.###.#......#.#########
#...# #.#####..#<.......
..#####........#.#######
.............>##@#
..............o..#
#############.#########
#.#.).o...# #######
#.#o#####.# ......#
##o#.### #####.# #......#
#####.######..#.#.#
....#.#.......#.#.#


You could see an orc warrior (poisoned).

Vanquished Creatures
  A gargoyle (D:9)
  Maggie (D:9)
  A troll (D:8)
  A wyvern (D:8)
  4 yaks (D:8)
  4 steam dragons
  An acid dragon (D:9)
  Duvessa (D:7)
  2 sky beasts
  2 ice beasts (D:7)
  3 black bears
  7 orc warriors
  2 centaurs
  An ogre (D:5)
  A phantom (D:6)
  2 kobold brigands
  A bullfrog (D:8)
  3 necrophages (D:4)
  A scorpion (D:7)
  7 gnoll sergeants
  A water moccasin zombie (D:4)
  10 wights
  Dowan (D:7)
  13 killer bees
  2 howler monkeys (D:9)
  4 hounds
  3 jellies
  10 orc priests
  3 gnoll boudas
  5 iguanas
  7 orc wizards
  Ijyb (D:5)
  3 hound zombies (D:4)
  Robin (D:5)
  10 adders
  12 gnolls
  3 white imps
  4 dart slugs
  49 orcs
  8 ball pythons
  5 bats
  9 endoplasms
  5 giant cockroaches
  5 goblins
  10 hobgoblins
  5 quokkas
  6 frilled lizards
  9 kobolds
  9 rats
259 creatures vanquished.

Vanquished Creatures (others)
  A butterfly (D:7)
1 creature vanquished.

Grand Total: 260 creatures vanquished

Notes
Turn   | Place    | Note
-------+----------+-------------------------------------------
     0 | D:1      | bjtr the Gargoyle Earth Elementalist began the quest for
                  | the Orb.
     0 | D:1      | Reached XP level 1. HP: 10/10 MP: 3/3
   127 | D:1      | Reached skill level 4 in Earth Magic
   128 | D:1      | Reached XP level 2. HP: 15/15 MP: 0/5
   391 | D:1      | Reached XP level 3. HP: 19/19 MP: 2/6
   784 | D:1      | Learned a level 2 spell: Passwall
   788 | D:1      | Learned a level 3 spell: Stone Arrow
  1080 | D:2      | Reached XP level 4. HP: 24/24 MP: 6/8
  1083 | D:2      | Reached skill level 5 in Earth Magic
  2093 | D:3      | Reached skill level 1 in Armour
  2093 | D:3      | Reached XP level 5. HP: 25/28 MP: 7/10
  2609 | D:4      | Found an iron altar of Okawaru.
  2787 | D:4      | Reached skill level 1 in Polearms
  2787 | D:4      | Reached XP level 6. HP: 22/32 MP: 11/11
  2795 | D:4      | Reached skill level 6 in Earth Magic
  3146 | D:4      | Found a glowing golden altar of the Shining One.
  3275 | D:4      | Found a staircase to the Ecumenical Temple.
  3281 | Temple   | Entered the Ecumenical Temple
  3388 | D:4      | Found a blossoming altar of Fedhas.
  3441 | D:4      | Reached XP level 7. HP: 33/36 MP: 9/13
  3531 | D:4      | Reached skill level 7 in Earth Magic
  3565 | D:5      | Entered Level 5 of the Dungeon
  3571 | D:5      | Reached skill level 5 in Spellcasting
  3625 | D:5      | Reached XP level 8. HP: 41/41 MP: 8/16
  3805 | D:5      | You fall into a shaft and drop 2 floors!
  3818 | D:7      | Found a radiant altar of Vehumet.
  3827 | D:7      | Became a worshipper of Vehumet
  4107 | D:5      | Noticed Ijyb
  4115 | D:5      | Killed Ijyb
  4135 | D:5      | Noticed Robin
  4147 | D:5      | Killed Robin
  4273 | D:5      | Found a hide-covered altar of Uskayaw.
  5004 | D:6      | Found a shimmering altar of Xom.
  5181 | D:6      | Reached skill level 5 in Polearms
  5181 | D:6      | Reached skill level 8 in Earth Magic
  5207 | D:6      | Reached XP level 9. HP: 41/45 MP: 4/18
  5404 | D:6      | HP: 2/45 [wight/+5 halberd (5)]
  5567 | D:6      | Found a bloodstained altar of Trog.
  5576 | D:6      | Found an ornate altar of the Wu Jian Council.
  5738 | D:6      | Reached * piety under Vehumet
  5738 | D:6      | Offered knowledge of Foxfire by Vehumet.
  6096 | D:7      | Found a white marble altar of Elyvilon.
  6141 | D:7      | Noticed Duvessa
  6142 | D:7      | Noticed Dowan
  6148 | D:7      | Killed Duvessa
  6151 | D:7      | Killed Dowan
  6152 | D:7      | Reached skill level 9 in Earth Magic
  6528 | D:7      | Reached ** piety under Vehumet
  6528 | D:7      | Offered knowledge of Searing Ray by Vehumet.
  6529 | D:7      | Reached XP level 10. HP: 50/50 MP: 18/21
  7320 | D:8      | Reached skill level 10 in Earth Magic
  7912 | D:8      | Offered knowledge of Ignite Poison by Vehumet.
  7914 | D:8      | Reached skill level 1 in Fighting
  7918 | D:8      | Learned a level 3 spell: Ignite Poison
  8200 | D:8      | Found a stormy altar of Qazlal.
  8339 | D:9      | Noticed Maggie
  8339 | D:9      | Noticed a gargoyle
  8591 | D:9      | Killed a gargoyle
  8772 | D:9      | Reached *** piety under Vehumet
  9110 | D:9      | Killed Maggie
  9111 | D:9      | Reached XP level 11. HP: 55/59 MP: 7/23
  9115 | D:9      | Offered knowledge of Sticky Flame by Vehumet.
  9135 | D:9      | Noticed a swamp dragon
  9135 | D:9      | Noticed Stellion's ghost (novice DECj)
  9189 | D:9      | Found a staircase to the Orcish Mines.
  9277 | D:9      | Found a transporter.
  9307 | D:9      | Noticed a deep troll
  9308 | D:9      | Found a transporter.
  9314 | D:9      | Noticed a rakshasa
  9316 | D:9      | Found a one-way gate to the infinite horrors of the Abyss.
  9436 | D:9      | Reached **** piety under Vehumet
  9522 | D:9      | Offered knowledge of Lee's Rapid Deconstruction by Vehumet.
  9529 | D:9      | Learned a level 4 spell: Petrify
  9535 | D:9      | Learned a level 5 spell: Lee's Rapid Deconstruction
  9847 | D:9      | Slain by an orc warrior

Illustrated notes

Levels and vault maps discovered:
D:1:      dpeg_arrival_three_same_balls, layout_rooms
D:2:      layout_basic
D:3:      layout_loops_ring
D:4:      layout_basic, fedhas_altar_decomposition, tso_altar,
          okawaru_ov_weapons_minmay, minmay_temple_entry_hall
D:5:      layout_basic, mainiacjoe_overflow_surrounded_room, nicolae_goblin_pals
D:6:      layout_loops_ring, lemuel_round_altar, mainiacjoe_overflow_swirl,
          amethyst_killhole, dreamdust_princess_corridor, supply_closet_lemuel,
          pf_guarded_unrand_woodcutter
D:7:      layout_cave_pools, kennysheep_mini, nicolae_elyvilon_peaceful_grove,
          minmay_bent, uniq_duvessa
D:8:      minmay_bubble_buster, layout_basic, general_overflow_altar,
          nrook_uturn
D:9:      layout_basic, david_orc_5, gammafunk_ghost_abyssal_escape,
          minmay_misc_feat_five, kennysheep_another_room, uniq_maggie
Temple:   nicolae_temple_hex_pool

Skill      XL: |  1  2  3  4  5  6  7  8  9 10 11 |
---------------+----------------------------------+-----
Earth Magic    | 4 5 6 7 8 9 10 | 10.9
Spellcasting   | 3 4 5 6 7 8 |  8.6
Armour         | 1 2 3 4 |  4.8
Polearms       | 1 3 5 6 8 |  8.3
Fighting       | 2 3 |  3.8
Dodging        | 2 |  2.4
Stealth        | |  2.3
Conjurations   | |  0.7
Transmutations | |  0.7
Evocations     | |  0.6

Action                     |  1- 3 |  4- 6 |  7- 9 | 10-12 || total
---------------------------+-------+-------+-------+-------++-------
  Melee: Whip              |    17 |       |       |       ||    17
         Dagger            |     2 |     6 |       |       ||     8
         Demon trident     |       |    69 |   194 |   199 ||   462
         Punch             |       |       |     3 |     2 ||     5
         Battleaxe         |       |       |    17 |       ||    17
   Cast: Sandblast         |    44 |    70 |    73 |    35 ||   222
         Stone Arrow       |       |       |    22 |    23 ||    45
         Passwall          |       |       |       |     2 ||     2
  Evoke: Wand              |       |       |       |     3 ||     3
    Use: Potion            |       |     3 |     4 |     3 ||    10
         Scroll            |       |       |    17 |     2 ||    19
   Stab: Sleeping          |       |     2 |       |       ||     2
         Distracted        |       |       |       |     1 ||     1
 Armour: Robe              |    26 |       |       |       ||    26
         Leather armour    |       |    64 |   207 |   221 ||   492
  Dodge: Dodged            |    18 |    53 |   157 |   155 ||   383

Table legend: (Time is in decaauts)
 A = Elapsed time spent in this place.
 B = Non-inter-level travel time spent in this place.
 C = Inter-level travel time spent in this place.
 D = Time resting spent in this place.
 E = Time spent auto-exploring this place.
 F = Levels seen in this place.
 G = Mean time per level.
                   A        B        C        D        E       F      G
               +--------+--------+--------+--------+--------+-----+--------+
         Total |   9972 |   9751 |    221 |   1780 |   5665 |  10 |  997.2 |
       Dungeon |   9964 |   9743 |    221 |   1780 |   5665 |   9 | 1107.1 |
        Temple |      7 |      7 |      0 |      0 |      0 |   1 |    7.0 |
               +--------+--------+--------+--------+--------+-----+--------+

Top non-repeatable levels by time:
     D:8: 1620 daAuts
     D:9: 1490 daAuts
     D:6: 1301 daAuts
     D:4: 1056 daAuts
     D:2: 1023 daAuts
     D:7: 976 daAuts
     D:5: 934 daAuts
     D:1: 807 daAuts
     D:3: 755 daAuts
  Temple: 7 daAuts
